 Seeded DCSS version 0.29.1-1-gd02db6906a (webtiles) character file.

Game seed: 9708579739092153053 (custom seed)

1315 GigaChad the Nimble (level 8, 0/73 HPs)
             Began as a Minotaur Fighter on Sept 16, 2022.
             Was an Initiate of Trog.
             Slain by a water moccasin (6 damage)
             ... on level 7 of the Dungeon.
             The game lasted 00:09:18 (3631 turns).

GigaChad the Nimble (Minotaur Fighter)              Turns: 3631, Time: 00:09:20

Health: 0/73       AC: 11    Str: 22    XL:     8   Next: 33%
Magic:  2/2        EV:  7    Int:  5    God:    Trog [......]
Gold:   156        SH:  4    Dex:  7    Spells: 7/7 levels left

rFire   + . .      SeeInvis +   o - +7 long sword of Proximity {antimagic, rC++}
rCold   + + .      Faith    .   c - +0 buckler
rNeg    + . .      Spirit   .   k - +0 plate armour
rPois   .          Reflect  .   (helmet restricted)
rElec   +          Harm     .   (no cloak)
rCorr   .          Rampage  .   (no gloves)
Will    .....                   (no boots)
Stlth   ..........              p - amulet of regeneration
HPRegen 1.02/turn               n - ring "Upnits" {rElec rF+ rN+ Dex-4 SInv}
MPRegen 0.08/turn               (no ring)

@: lethally poisoned (0 -> -2)
A: horns 2, retaliatory headbutt
a: Renounce Religion


You were on level 7 of the Dungeon.
You worshipped Trog.
Trog was noncommittal.
You visited 2 branches of the dungeon, and saw 8 of its levels.

You collected 156 gold pieces.

Inventory:

Hand Weapons
 a - a +0 long sword
 g - the +7 mace of the Maze {spect, rPois Will+ Str+2}
   (You found it on level 2 of the Dungeon)

   When its wielder attacks, the weapon's spirit leaps out and strikes again.
   The spirit shares a part of any damage it takes with its wielder.
   Str:       It affects your strength (+2).
   rPois:     It protects you from poison.
   Will:      It increases your willpower.
 o - the +7 long sword of Proximity (weapon) {antimagic, rC++}
   (You acquired it on level 3 of the Dungeon)

   It reduces the magical energy of the wielder, and disrupts the spells and
   magical abilities of those it strikes.
   Natural abilities and divine invocations are not affected.
   rC:        It greatly protects you from cold.
Armour
 b - a +0 scale mail
 c - a +0 buckler (worn)
 k - a +0 plate armour (worn)
Jewellery
 n - the ring "Upnits" (left hand) {rElec rF+ rN+ Dex-4 SInv}
   (You acquired it on level 3 of the Dungeon)

   [ring of positive energy]

   Dex:       It affects your dexterity (-4).
   rF:        It protects you from fire.
   rElec:     It insulates you from electricity.
   rN:        It protects you from negative energy.
   SInv:      It lets you see invisible.
 p - an amulet of regeneration (around neck)
Wands
 d - a wand of flame (4)
Scrolls
 e - 3 scrolls of blinking
 f - 2 scrolls of teleportation
 h - a scroll of noise {unknown}
 i - 4 scrolls of identify
 m - a scroll of immolation
Potions
 j - a potion of brilliance {unknown}
 l - a potion of haste {unknown}
 q - a potion of flight {unknown}
 r - a potion of degeneration {unknown}
 s - a potion of resistance {unknown}
 t - a potion of heal wounds {unknown}


   Skills:
 + Level 7.5 Fighting
 - Level 2.4 Long Blades
 - Level 3.6 Armour
 - Level 9.3 Dodging
 - Level 3.6 Shields


You had 7 spell levels left.
You didn't know any spells.
Your spell library contained the following spells:

 Spells                   Type           Power      Damage    Failure   Level
 Necrotise                Necr           0%         1d4       100%        1
 Vampiric Draining        Necr           0%         2d6       100%        3
 Agony                    Necr           0%         N/A       100%        5


Dungeon Overview and Level Annotations

Branches:
Dungeon (7/15)             Temple (1/1) D:6

Altars:
Ashenzari
Dithmenos
Elyvilon
Fedhas
Gozag
Hepliaklqana
Kikubaaqudgha
Makhleb
Nemelex Xobeh
Okawaru
Sif Muna
Trog
Vehumet
Xom
Yredelemnul
Zin
The Shining One

Annotations:
D:5 3 runed translucent doors, Itachiuchiha's ghost, novice MiFi


Innate Abilities, Weirdness & Mutations

You have a pair of horns on your head.
You reflexively headbutt those who attack you in melee.


Message History

Prince Ribbit blinks!
You barely miss the water moccasin.
Your headbutt misses the water moccasin.
The water moccasin closely misses you. You furiously retaliate!
You headbutt the water moccasin!
The water moccasin bites you but does no damage.
You slash the water moccasin!
The water moccasin is almost dead.
The water moccasin bites you.
Prince Ribbit blinks!
The water moccasin bites you but does no damage.
You closely miss the water moccasin.
The water moccasin is almost dead.
The water moccasin bites you. x2
You closely miss the water moccasin.
Your headbutt misses the water moccasin.
The water moccasin is severely wounded.
The water moccasin bites you.
You are poisoned.
The water moccasin poisons you! The water moccasin closely misses you.
You closely miss the water moccasin.
The water moccasin is severely wounded.
You feel very sick. The water moccasin closely misses you.
You closely miss the water moccasin.
The water moccasin is severely wounded.
You feel very sick. The water moccasin bites you.
* * * LOW HITPOINT WARNING * * *
Prince Ribbit hits you.
* * * LOW HITPOINT WARNING * * *
The water moccasin bites you but does no damage.
Prince Ribbit hits you.
* * * LOW HITPOINT WARNING * * *
You slash Prince Ribbit!
You kill Prince Ribbit!
Trog accepts your kill.
Prince Ribbit returns to his original shape as he dies.
You feel sick. The water moccasin barely misses you.
The water moccasin bites you.
You die...

#.# ... #.# ...
#.# #.# #.# #.#
#$# #.# #†# #.#
# #@# #.# .##
#S###.####...##
#oo.o.o........
#####o#.##...##
#.#.# ##
#.#o###.###
..##........So
#.##.#.######o
#.##.#.#


You could see an orc warrior, a water moccasin and an orc wizard (invisible).

Vanquished Creatures
  Prince Ribbit (D:7)
  Grinder (D:6)
  Eustachio (D:6)
  A water moccasin (D:6)
  A sky beast (D:7)
  2 black bears (D:6)
  A phantom (D:6)
  2 scorpions
  2 jellies
  An orc priest (D:3)
  A hound (D:4)
  3 iguanas
  An orc wizard (D:4)
  Robin (D:4)
  10 adders
  4 worms
  2 dart slugs
  10 orcs
  3 endoplasms
  4 giant cockroaches
  6 hobgoblins
  4 jackals (D:2)
  3 quokkas (D:6)
  4 ball pythons
  2 bats (D:3)
  2 frilled lizards
  16 goblins
  3 kobolds
  2 rats (D:6)
94 creatures vanquished.

Notes
Turn   | Place    | Note
-------+----------+-------------------------------------------
     0 | D:1      | GigaChad the Minotaur Fighter began the quest for the Orb.
     0 | D:1      | Reached XP level 1. HP: 19/19 MP: 0/0
   243 | D:2      | Reached XP level 2. HP: 5/27 MP: 1/1
   510 | D:2      | Identified the +7 mace of the Maze {spect, rPois Will+
                  | Str+2}
  1004 | D:3      | Reached skill level 5 in Fighting
  1172 | D:3      | Reached XP level 3. HP: 35/36 MP: 2/2
  1210 | D:3      | Identified 3 scrolls of acquirement
  1210 | D:3      | Acquired the +7 long sword of Proximity {antimagic, rC++}
  1213 | D:3      | Acquired an amulet of regeneration
  1220 | D:3      | Acquired the ring "Upnits" {rElec rF+ rN+ Dex-4 SInv}
  1345 | D:3      | Reached XP level 4. HP: 6/44 MP: 1/3
  1752 | D:4      | HP: 2/45 [goblin/+2 dagger of distortion (18)]
  2128 | D:4      | Reached XP level 5. HP: 51/51 MP: 1/4
  2150 | D:4      | Noticed Robin
  2162 | D:4      | Killed Robin
  2163 | D:4      | Reached skill level 1 in Dodging
  2334 | D:4      | Identified the +1 robe of Dogmatism {rPois Int+2 Dex+4
                  | Slay-2}
  2442 | D:4      | Reached skill level 2 in Dodging
  2527 | D:4      | Reached skill level 3 in Dodging
  2587 | D:4      | Reached XP level 6. HP: 52/58 MP: 1/5
  2613 | D:4      | Reached skill level 4 in Dodging
  2628 | D:5      | Entered Level 5 of the Dungeon
  2628 | D:5      | Noticed Itachiuchiha's ghost (novice MiFi)
  2628 | D:5      | Found a runed translucent gate.
  2628 | D:5      | Found a runed translucent gate.
  2628 | D:5      | Found a runed translucent gate.
  2733 | D:5      | Reached skill level 5 in Dodging
  2787 | D:6      | Found a staircase to the Ecumenical Temple.
  2842 | Temple   | Entered the Ecumenical Temple
  2853 | Temple   | Became a worshipper of Trog the Wrathful
  2946 | D:6      | Reached skill level 6 in Dodging
  2946 | D:6      | Reached XP level 7. HP: 57/64 MP: 2/6
  3137 | D:6      | Reached skill level 7 in Dodging
  3168 | D:6      | Found a large runed translucent door.
  3169 | D:6      | Found a large runed translucent door.
  3194 | D:6      | Noticed Grinder
  3194 | D:6      | Paralysed by Grinder for 3 turns
  3207 | D:6      | Found a basalt altar of Yredelemnul.
  3215 | D:6      | Killed Grinder
  3216 | D:6      | Reached skill level 8 in Dodging
  3216 | D:6      | Reached XP level 8. HP: 48/71 MP: 2/7
  3224 | D:6      | Found a radiant altar of Vehumet.
  3245 | D:6      | Noticed Eustachio
  3258 | D:6      | Killed Eustachio
  3259 | D:6      | Reached skill level 9 in Dodging
  3402 | D:6      | Found a glowing drain.
  3599 | D:7      | Noticed Prince Ribbit
  3631 | D:7      | Killed Prince Ribbit
  3631 | D:7      | Slain by a water moccasin

Illustrated notes

Levels and vault maps discovered:
D:1:      matt_arrival_spirals, layout_loops_ring,
          chequers_ecumenical_altar_island, chequers_serial_rivers_room_b,
          minmay_misc_feat_nine_boxes
D:2:      layout_basic, chequers_serial_rivers_small_3
D:3:      layout_loops_ring
D:4:      layout_loops_corners, kennysheep_generic_room_5, uniq_robin
D:5:      kennysheep_kobold_camp, layout_cave_pools,
          gammafunk_ghost_nasty_kobolds, nicolae_fountain_basement
D:6:      minmay_evil_eye, layout_loops_ring, jmf_multi_god_temple2,
          temple_statues, gup_sewer_entry_bubbles, uniq_grinder, uniq_eustachio
D:7:      layout_loops_ring, worms_lemuel, uniq_prince_ribbit1
Temple:   hellmonk_temple_two_chambers

Skill      XL: |  1  2  3  4  5  6  7  8 |
---------------+-------------------------+-----
Fighting       | 4 5 6 7 |  7.5
Dodging        | 3 6 8 9 |  9.3
Long Blades    | |  2.4
Armour         | |  3.6
Shields        | |  3.6

Action                   |  1- 3 |  4- 6 |  7- 9 || total
-------------------------+-------+-------+-------++-------
Melee: Long sword        |    38 |    85 |    90 ||   213
       Headbutt          |     4 |    12 |     9 ||    25
       Mace              |    27 |       |       ||    27
  Use: Scroll            |     4 |     2 |     1 ||     7
       Potion            |       |     1 |       ||     1
Armor: Scale mail        |    22 |       |       ||    22
       Plate armour      |    16 |    64 |    67 ||   147
Dodge: Dodged            |    47 |    40 |    41 ||   128
Block: Buckler           |    17 |    23 |    13 ||    53
